AoeStats
← Yisus

MegaRandom

509705931Analyzed
4v4 RM · 3d ago on Sep 27, 2026· 45m 8s· 8 players
Game mode
Random Map
Map size
Large (8 player)
Population
200
Speed
Normal
Resources
Standard
Victory
Conquest
Starting age
Dark Age
Ending age
Imperial Age
RankedLock teamsTeams togetherTeam positionsShared explorationLock speedFull tech treeHidden civsTurbo modeCheats
Victory
Defeat
🇦🇷 Mongols · Argentina
962
+16
🇦🇷 Saracens · Argentina
781
+17
🇦🇷 Byzantines · Argentina
779
+18
🇦🇷 Burgundians · Argentina
778
+17
🇧🇷 Franks · Brazil
886
-18
🇧🇷 Varangians · Brazil
832
-16
🇧🇷 Khmer · Brazil
813
-15
🇧🇷 Teutons · Brazil
741
-13
aLaN_DiCKSoN
9:25 Loom
13:14 Feudal Age
11:40 Loom
13:38 Man-at-Arms
18:27 Fletching
18:37 Padded Archer Armor
18:48 Scale Barding Armor
18:56 Forging
23:53 Bloodlines
26:33 Castle Age
25:04 Bloodlines
30:06 Scale Barding Armor
31:29 Husbandry
34:45 Crossbowman
35:46 Fletching
38:32 Gold Mining
38:33 Stone Mining
40:38 Double-Bit Axe
40:36 Horse Collar
Samurai_z
9:47 Loom
15:22 Feudal Age
16:05 Double-Bit Axe
19:24 Town Watch
19:24 Fishing Lines
22:23 Scale Barding Armor
23:53 Forging
25:04 Wheelbarrow
28:01 Castle Age
26:32 Gold Mining
26:48 Scale Mail Armor
27:44 Stone Mining
28:55 Husbandry
30:46 Gold Shaft Mining
32:00 Chain Barding Armor
32:11 Bow Saw
35:00 Medium Warships
40:44 Caravan
43:54 Squires
Paulino
20:36 Feudal Age
18:51 Loom
24:54 Arson
26:31 Bloodlines
46:53 Castle Age
wesley1611
14:12 Feudal Age
14:50 Horse Collar
21:45 Arson
28:16 Town Watch
29:02 Scale Mail Armor
31:28 Forging
34:27 Padded Archer Armor
34:33 Scale Barding Armor
36:08 Wheelbarrow
34:59 Man-at-Arms
35:49 Double-Bit Axe
42:57 Castle Age
El Oso Rulo
6:08 Loom
17:43 Feudal Age
18:23 Double-Bit Axe
26:01 Gold Mining
26:01 Stone Mining
28:59 Castle Age
29:51 Forging
29:46 Scale Barding Armor
30:04 Bow Saw
30:42 Squires
31:04 Pikeman
35:32 Fletching
37:08 Horse Collar
38:45 Husbandry
39:52 Heavy Plow
40:35 Ballistics
39:56 Treadmill Crane
41:39 Stone Shaft Mining
44:29 Wheelbarrow
45:47 Hand Cart
48:03 Imperial Age
Mole
4:10 Loom
15:28 Feudal Age
20:44 Bloodlines
20:51 Forging
20:47 Scale Barding Armor
22:26 Double-Bit Axe
22:23 Horse Collar
25:08 Castle Age
26:43 Iron Casting
26:29 Chain Barding Armor
27:55 Wheelbarrow
27:23 Heavy Plow
27:34 Bow Saw
31:17 Husbandry
31:50 Hand Cart
46:12 Imperial Age
43:28 Town Watch
44:34 Fervor
Mancuso
3:08 Loom
16:50 Feudal Age
17:56 Horse Collar
19:43 Double-Bit Axe
21:21 Bloodlines
21:18 Scale Barding Armor
23:20 Forging
23:56 Fletching
26:28 Scale Mail Armor
25:50 Man-at-Arms
31:26 Castle Age
35:24 Bow Saw
37:03 Chain Barding Armor
38:33 Husbandry
38:42 Light Cavalry
39:54 Masonry
40:36 Town Watch
44:06 Caravan
Yisus
16:08 Feudal Age
27:01 Double-Bit Axe
29:11 Bow Saw
31:37 Fishing Lines
34:45 Castle Age
33:19 Gillnets
36:58 Two-Man Saw
37:44 Fortified Wall
37:33 Murder Holes
39:05 Stone Mining
39:05 Gold Mining
40:38 Guilds
40:28 Caravan
40:26 Cavalier
43:48 Imperial Age
42:15 Husbandry
46:02 Conscription
45:48 Burgundian Vineyards
Connection lost

Rejoining the realm…

Still unreachable

The connection could not be restored.

Session expired

The server has moved on; the page needs a fresh start.